 Dungeon Crawl Stone Soup version 0.28-a0-1312-g71652a0310 (webtiles) character file.

Game seed: 12736799692577523168

4 bande the Covered (level 1, -3/14 HPs)
             Began as a Gargoyle Fighter on Dec 28, 2021.
             Slain by a hobgoblin (4 damage)
             ... on level 1 of the Dungeon.
             The game lasted 00:00:20 (237 turns).

bande the Covered (Gargoyle Fighter)                 Turns: 237, Time: 00:00:21

Health: -3/14      AC:  9    Str: 19    XL:     1   Next: 60%
Magic:  1/1        EV:  9    Int:  8    God:
Gold:   0          SH:  4    Dex:  9    Spells: 0/0 levels left

rFire   . . .      SeeInvis .   a - +0 war axe
rCold   . . .      Faith    .   c - +0 buckler
rNeg    + . .      Spirit   .   b - +0 scale mail
rPois   ∞          Reflect  .   (no helmet)
rElec   +          Harm     .   (no cloak)
rCorr   .          Rampage  .   (no gloves)
Will    .....                   (no boots)
Stlth   ..........              (no amulet)
HPRegen 0.04/turn               (no ring)
MPRegen 0.07/turn               (no ring)

@: no status effects
A: sickness immunity, AC +2, negative energy resistance 1, electricity
resistance, torment resistance 1, petrification resistance
a: no special abilities


You were on level 1 of the Dungeon.
You visited 1 branch of the dungeon, and saw 1 of its levels.

Inventory:

Hand Weapons
 a - a +0 war axe (weapon)
Armour
 b - a +0 scale mail (worn)
 c - a +0 buckler (worn)
Scrolls
 e - a scroll of noise {unknown}
 f - a scroll of identify {unknown}
 g - a scroll of magic mapping {unknown}
 i - a scroll of enchant weapon {unknown}
Potions
 d - a potion of might
 h - 2 potions of ambrosia {unknown}


   Skills:
 + Level 3.4 Fighting
 + Level 1.8 Axes
 + Level 3.4 Armour
 + Level 3.3 Shields


You couldn't memorise any spells.
You didn't know any spells.
Your spell library was empty.

Dungeon Overview and Level Annotations

Branches:
Dungeon (1/15)

Altars:


Innate Abilities, Weirdness & Mutations

You are immune to sickness and miasma.
Your stone body is resilient. (AC +2)
You are immune to poison.
You resist negative energy. (rN+)
You are resistant to electric shocks. (rElec)
You are resistant to unholy torment.
You are immune to petrification.


Message History

The goblin hits you but does no damage.
You closely miss the goblin. You block the goblin's attack.
The hobgoblin throws a stone.
The stone closely misses you. The goblin hits you but does no damage.
You closely miss the goblin.
The hobgoblin throws a stone.
The stone hits you. You block the goblin's attack.
You hit the goblin.
The goblin is moderately wounded.
The goblin hits you but does no damage. The goblin hits you with a +0 club.
You are too injured to fight recklessly!
You are too injured to fight recklessly!
You are too injured to fight recklessly!
You are too injured to fight recklessly!
You are too injured to fight recklessly!
You are too injured to fight recklessly!
You are too injured to fight recklessly!
You are too injured to fight recklessly!
You are too injured to fight recklessly!
You are too injured to fight recklessly!
Unknown command.
You are too injured to fight recklessly!
Unknown command.
The hobgoblin hits you.
* * * LOW HITPOINT WARNING * * *
The hobgoblin hits you.
* * * LOW HITPOINT WARNING * * *
The goblin hits you but does no damage.
You barely miss the goblin.
The goblin is moderately wounded.
You hit the hobgoblin but do no damage. You closely miss the hobgoblin.
The hobgoblin barely misses you. x2; The goblin hits you with a +0 club.
* * * LOW HITPOINT WARNING * * *
The hobgoblin hits you but does no damage.
The hobgoblin closely misses you.
You barely miss the goblin.
The goblin is moderately wounded.
You closely miss the hobgoblin. You hit the hobgoblin.
The goblin hits you but does no damage. The hobgoblin barely misses you.
The hobgoblin hits you.
You die...

#########
###.......########
.................#
##..............>#
###.............†#######
8##........####.......$.
###........# #..g......
###........# #.@g......
8##........# #.g.......
###........# #.........
###........# #.........
8##........# #.........
############ ..8.......
##8##8# ..._......
....... ...8...##+#
##8##8#


You could see 2 hobgoblins and a goblin.

Vanquished Creatures
  A bat (D:1)
  An endoplasm (D:1)
  A kobold (D:1)
  A rat (D:1)
4 creatures vanquished.

Notes
Turn   | Place    | Note
-------+----------+-------------------------------------------
     0 | D:1      | bande the Gargoyle Fighter began the quest for the Orb.
     0 | D:1      | Reached XP level 1. HP: 14/14 MP: 1/1
   231 | D:1      | Found a faded altar of an unknown god.
   237 | D:1      | Slain by a hobgoblin

Illustrated notes

Levels and vault maps discovered:
D:1:      giann_horns, layout_basic, dreamdust_ecumenical_altar_statues,
          dk_noncrumbling_2

Action                   || total
-------------------------++-------
Melee: War axe           ||    11
Armor: Scale mail        ||     7
Dodge: Dodged            ||    11
Block: Buckler           ||     4

Table legend: (Time is in decaauts)
 A = Elapsed time spent in this place.
 B = Non-inter-level travel time spent in this place.
 C = Inter-level travel time spent in this place.
 D = Time resting spent in this place.
 E = Time spent auto-exploring this place.
 F = Levels seen in this place.
 G = Mean time per level.
                   A        B        C        D        E       F      G
               +--------+--------+--------+--------+--------+-----+--------+
         Total |    241 |    241 |      0 |      0 |    200 |   1 |  241.0 |
       Dungeon |    241 |    241 |      0 |      0 |    200 |   1 |  241.0 |
               +--------+--------+--------+--------+--------+-----+--------+

Top non-repeatable levels by time:
     D:1: 241 daAuts
